 Dungeon Crawl Stone Soup version 0.20.0-10-g0535bb4 (webtiles) character file.

739 Raukatau the Cleaver (level 7, -5/57 HPs)
             Began as a Minotaur Berserker on June 5, 2017.
             Was a Believer of Trog.
             Killed from afar by Dwachs's ghost (13 damage)
             ... with a spray of energy
             ... on level 5 of the Dungeon.
             The game lasted 00:23:41 (3862 turns).

Raukatau the Cleaver (Minotaur Berserker)           Turns: 3862, Time: 00:23:41

Health: -5/57      AC:  6    Str: 22    XL:     7   Next: 46%
Magic:  6/6        EV: 10    Int:  4    God:    Trog [**....]
Gold:   316        SH:  5    Dex: 11    Spells: 6/6 levels left

rFire    + + .     SeeInvis .   a - +1 hand axe
rCold    . . .     Gourm    .   p - +1 buckler
rNeg     . . .     Faith    .   A - +1 ring mail {rF+}
rPois    .         Spirit   .   (helmet restricted)
rElec    .         Reflect  .   (no cloak)
rCorr    .         Harm     .   (no gloves)
MR       ++...                  (no boots)
Stlth    +.........             (no amulet)
Regen    1.2/turn               y - ring of protection from fire
MPRegen  0.1/turn               (no ring)

@: regenerating, heavily drained
A: retaliatory headbutt, horns 2
a: Berserk, Trog's Hand, Burn Spellbooks, Renounce Religion


You were on level 5 of the Dungeon.
You worshipped Trog.
Trog was pleased with you.
You were not hungry.

You visited 1 branch of the dungeon, and saw 5 of its levels.

You collected 316 gold pieces.

Inventory:

Hand Weapons
 a - a +1 hand axe (weapon)
 b - a +0 hunting sling
 r - a +2 dagger of venom
 u - a +0 war axe
Missiles
 e - 169 stones
 f - 5 javelins (quivered)
 h - 29 poisoned needles
 j - 14 sling bullets
Armour
 p - a +1 buckler (worn)
 A - a +1 ring mail of fire resistance (worn)
Jewellery
 y - a ring of protection from fire (left hand)
Scrolls
 d - a scroll of enchant armour
 i - a scroll of remove curse
 l - 2 scrolls of fear
 o - 5 scrolls of identify
 t - a scroll of fog
 w - a scroll of immolation
Potions
 g - a potion of brilliance {unknown}
 n - a potion of might {unknown}
 q - 2 potions of lignification {unknown}
Comestibles
 c - 2 bread rations
 k - 6 chunks of flesh
 s - a fruit
 v - a meat ration


   Skills:
 - Level 3.6(2.2) Fighting
 + Level 9.5(7.8) Axes
 - Level 2.4(1.0) Armour
 - Level 2.1(0.8) Dodging
 - Level 4.4(3.0) Shields


You had 6 spell levels left.
You didn't know any spells.

Dungeon Overview and Level Annotations

Branches:
Dungeon (5/15)             Temple (0/1) D:4

Altars:
Elyvilon
Okawaru
Trog

Annotations:
D:5 Dwachs's ghost, novice DECj


Innate Abilities, Weirdness & Mutations

You reflexively headbutt those who attack you in melee.
You have a pair of horns on your head.


Message History

You're too confused!
Unknown command.
It was a potion of curing.
You feel better.
Dwachs's ghost hits you but does no damage.
You feel drained.
Your skin crawls.
You feel resistant to hostile enchantments.
You feel somewhat more hungry. You block Dwachs's ghost's attack.
You recover from your berserk rage.
Dwachs's ghost casts a spell at you. The spray of energy hits you!
* * * LOW HITPOINT WARNING * * *
You are confused.
You feel better.
Dwachs's ghost gestures at you while chanting.
The magic dart hits you!
* * * LOW HITPOINT WARNING * * *
Dwachs's ghost gestures at you while chanting.
The spray of energy hits you!
You die...

#....รท.## #.......#
#..)....# #
####.....#.## #.
#....)...#..#
..###.....#####W##
#........# #..#
#........## #..#
#.........# ##@##
#...#####.# #.>#
#(..# #.# ##.##
###### #.### #.#
###..<# #..[.# #.
#.# #....## #.##.#
#. #.#
#.#.#######.##.#####
# #.#
#.#..........#......
#.#
#.##################
#.# #.............#
#


You could see Dwachs's ghost.

Vanquished Creatures
  Edmund (D:5)
  2 ice beasts
  A centaur (D:5)
  A howler monkey (D:5)
  A bullfrog skeleton (D:4)
  An orc priest (D:3)
  Natasha (thrice) (D:4)
  4 gnolls (D:2)
  7 adders (D:2)
  2 adder skeletons (D:4)
  4 dart slugs (D:2)
  2 leopard geckos (D:1)
  11 orcs
  6 giant cockroaches
  7 goblins
  6 hobgoblins
  6 jackals
  3 kobolds
  A quokka (D:3)
  3 ball pythons
  6 bats
  4 rats
82 creatures vanquished.

Notes
Turn   | Place    | Note
-------+----------+-------------------------------------------
     0 | D:1      | Raukatau the Minotaur Berserker began the quest for the Orb.
     0 | D:1      | Reached XP level 1. HP: 19/19 MP: 0/0
   114 | D:1      | Reached skill level 4 in Axes
   194 | D:1      | Reached XP level 2. HP: 26/26 MP: 1/1
   809 | D:2      | Found an iron altar of Okawaru.
   814 | D:2      | Reached skill level 5 in Axes
   819 | D:2      | Reached XP level 3. HP: 26/31 MP: 2/2
   868 | D:2      | Reached ** piety under Trog
  1066 | D:2      | Reached XP level 4. HP: 39/39 MP: 3/3
  1073 | D:2      | Reached skill level 6 in Axes
  1388 | D:2      | Reached skill level 7 in Axes
  1388 | D:2      | Reached XP level 5. HP: 45/45 MP: 4/4
  1819 | D:3      | Found a white marble altar of Elyvilon.
  2070 | D:3      | Found a bloodstained altar of Trog.
  2475 | D:4      | Found a staircase to the Ecumenical Temple.
  2495 | D:4      | Noticed Natasha
  2501 | D:4      | Killed Natasha
  2501 | D:4      | Reached skill level 1 in Shields
  2946 | D:4      | Noticed an ice beast
  2951 | D:4      | Killed an ice beast
  2951 | D:4      | Reached skill level 8 in Axes
  2951 | D:4      | Reached XP level 6. HP: 51/51 MP: 5/5
  3138 | D:4      | Got a translucent ring mail
  3310 | D:4      | Noticed Natasha
  3320 | D:4      | Killed Natasha
  3332 | D:4      | Noticed Natasha
  3337 | D:4      | Killed Natasha
  3448 | D:5      | Entered Level 5 of the Dungeon
  3472 | D:4      | Identified the +5 ring mail of the Lumpy Cities {rF- Str+3 Int+2} (You found it on level 4 of the Dungeon)
  3746 | D:5      | Noticed an ice beast
  3749 | D:5      | Reached XP level 7. HP: 57/57 MP: 6/6
  3755 | D:5      | Reached skill level 9 in Axes
  3769 | D:5      | Reached *** piety under Trog
  3790 | D:5      | Noticed Edmund
  3804 | D:5      | Killed Edmund
  3832 | D:5      | Noticed Dwachs's ghost (novice DECj)
  3859 | D:5      | HP: 1/57 [Dwachs's ghost/spray of energy (13)]
  3862 | D:5      | Killed from afar by Dwachs's ghost

Skill      XL: |  1  2  3  4  5  6  7 |
---------------+----------------------+-----
Axes           | 4 5 7 8 9 |  9.5
Shields        | 2 3 4 |  4.4
Fighting       | |  3.6
Armour         | |  2.4
Dodging        | |  2.1

Action                   |  1- 3 |  4- 6 |  7- 9 || total
-------------------------+-------+-------+-------++-------
Melee: Hand axe          |    51 |    76 |    21 ||   148
       Headbutt          |     7 |    15 |     4 ||    26
 Fire: Hunting sling     |     9 |    99 |    12 ||   120
Throw: Javelin           |     2 |       |       ||     2
Invok: Berserk           |     5 |     3 |     1 ||     9
       Trog's Hand       |       |     3 |     2 ||     5
  Use: Scroll            |     4 |     6 |       ||    10
       Potion            |       |       |     2 ||     2
  Eat: Chunk             |     4 |    12 |     3 ||    19
Armor: Animal skin       |     9 |       |       ||     9
       Chain mail        |     6 |    43 |       ||    49
       Ring mail         |       |     2 |     7 ||     9
Dodge: Dodged            |    26 |    41 |     7 ||    74
Block: Buckler           |       |       |     5 ||     5
